 Dungeon Crawl Stone Soup version 0.17.0-28-g6e173f8 (webtiles) character file.

217 Rex the Shield-Bearer (level 5, -2/47 HPs)
             Began as a Minotaur Fighter on Dec 3, 2015.
             Slain by Rationalist's ghost (6 damage)
             ... on level 3 of the Dungeon.
             The game lasted 00:08:09 (2434 turns).

Rex the Shield-Bearer (Minotaur Fighter)            Turns: 2434, Time: 00:08:09

Health: -2/47      AC: 14    Str: 20    XL:     5   Next: 61%
Magic:  4/4        EV:  4    Int:  5    God:
Gold:   85         SH: 10    Dex: 11    Spells: 0 memorised, 4 levels left

rFire  . . .     SeeInvis .     a - +1 war axe
rCold  . . .     Clarity  .     h - +2 plate armour
rNeg   . . .     SustAt   .     c - +0 shield
rPois  .         Gourm    .     (helmet restricted)
rElec  .         Spirit   .     (no cloak)
rCorr  .         Warding  .     (no gloves)
rMut   .         Stasis   .     (no boots)
MR     .....                    (no amulet)
Stlth  ..........               (no ring)
                                (no ring)

@: not resistant to hostile enchantments, extremely unstealthy
A: retaliatory headbutt, horns 2
a: no special abilities


You were on level 3 of the Dungeon.
You were not hungry.

You visited 1 branch of the dungeon, and saw 3 of its levels.

You collected 85 gold pieces.

Inventory:

Hand Weapons
 a - a +1 war axe (weapon)
Armour
 b - a +0 scale mail
 c - a +0 shield (worn)
 h - a +2 plate armour (worn)
Scrolls
 i - 2 scrolls of recharging
 k - a scroll of identify
 l - a scroll of blinking
 o - a scroll of teleportation
Potions
 d - a potion of might
 g - a potion of heal wounds
Comestibles
 e - a bread ration
 j - 2 meat rations
 m - 3 chunks of flesh
 n - a slice of pizza


   Skills:
 + Level 4.6 Fighting
 + Level 4.1 Axes
 + Level 4.8 Armour
 + Level 0.2 Dodging
 + Level 0.3 Stealth
 + Level 5.2 Shields


You had 4 spell levels left.
You didn't know any spells.

Dungeon Overview and Level Annotations

Branches:
Dungeon (3/15)

Altars:
Zin

Annotations:
D:3 Rationalist's ghost, novice FoFi


Innate Abilities, Weirdness & Mutations

You reflexively headbutt those who attack you in melee.
You have a pair of horns on your head.


Message History

* * * LOW HITPOINT WARNING * * *
You slash Rationalist's ghost!
Rationalist's ghost is almost destroyed.
You block Rationalist's ghost's attack.
You closely miss Rationalist's ghost.
Rationalist's ghost is almost destroyed.
You block Rationalist's ghost's attack.
Your shield and plate armour prevent you from hitting Rationalist's ghost.
You headbutt Rationalist's ghost.
Rationalist's ghost is almost destroyed.
You block Rationalist's ghost's attack. Rationalist's ghost hits you!
* * * LOW HITPOINT WARNING * * *
You hit Rationalist's ghost but do no damage.
You headbutt Rationalist's ghost, but do no damage.
Rationalist's ghost is almost destroyed.
You block Rationalist's ghost's attack.
You hit Rationalist's ghost but do no damage.
Rationalist's ghost is almost destroyed.
Rationalist's ghost hits you.
You die...

#.........#
#............########
#.########...........
##...## #...........
......% #...........
....... ##.....>.....
....... #............
.......###............
.......W@.<...........
.......####)..........
....... #..........
####### #.........
#........ #........
#########


You could see Rationalist's ghost.

Vanquished Creatures
  A hound (D:3)
  Natasha (D:3)
  6 adders
  3 oozes
  2 worms
  2 orcs (D:3)
  10 bats
  10 goblins
  14 hobgoblins
  7 jackals
  12 kobolds
  3 ball pythons
  A giant cockroach (D:3)
  6 giant newts
  6 rats
84 creatures vanquished.

Notes
Turn   | Place    | Note
--------------------------------------------------------------
     0 | D:1      | Rex the Minotaur Fighter began the quest for the Orb.
     0 | D:1      | Reached XP level 1. HP: 19/19 MP: 0/0
   220 | D:1      | Reached XP level 2. HP: 27/27 MP: 1/1
   245 | D:1      | Reached skill level 4 in Armour
   532 | D:1      | Reached XP level 3. HP: 33/33 MP: 2/2
  1151 | D:2      | Reached XP level 4. HP: 27/40 MP: 3/3
  1973 | D:3      | Reached skill level 5 in Shields
  1986 | D:3      | Reached XP level 5. HP: 41/47 MP: 4/4
  2218 | D:3      | Found a glowing silver altar of Zin.
  2361 | D:3      | Noticed Natasha
  2371 | D:3      | Killed Natasha
  2411 | D:3      | Noticed Rationalist's ghost (novice FoFi)
  2434 | D:3      | Slain by Rationalist's ghost

Action                   |  1- 3 |  4- 6 || total
-------------------------+-------+-------++-------
Melee: War axe           |   108 |   117 ||   225
  Use: Potion            |     2 |     4 ||     6
       Scroll            |       |     7 ||     7
  Eat: Chunk             |     1 |     5 ||     6
